Unix NetHack Version 3.7.0-102 Work-in-progress - last build Apr 6 2024 13:22:21 (d302a6a9ff6341f1a922d8f5af178406b35fdf99,branch:master). Game began 2024-05-03 19:51:02, ended 2024-05-04 00:35:29. fstd, neutral male human Wizard --------- --------------- ----- ----- |........# |.>............### |...| |...| |.......|# ----- |.*...........| # |...| |...| |.......|# |...| ------.-------- ##.....#######....| |.......|# |....# # -----# -.--- -.-------# |...|# # ########### # # # #....|# ## # # # # _|...|# ## ## # % # #|...|# # # # -----[---- # -------- #-----## # # # |......o.| ##|....q@.######[#### # # # # --.-- |+..).@..| #|..>...| ##[## ## ##---------.- #############....| |?..%....| #|......|##### ### #|.........| ###|...| |?%......| #........# #..d.......| |...| |?.......| -------- |.........| |...| ---------- |.<...f...| |...| |.........| ----- |.........| ----------- Fstd the Thaumaturge St:4 Dx:13 Co:17 In:18 Wi:15 Ch:10 Neutral S:7433 Dlvl:3 $:5 HP:0(65) Pw:85(85) AC:-1 Xp:8 T:7071 Blind Latest messages: The rothe misses! The rothe bites! You miss it. The rothe hits! The rothe misses! The rothe bites! You hit it. The rothe hits! The rothe misses! The rothe bites! You miss it. The rothe hits! The rothe bites! The rothe bites again! You hit it. The rothe hits! The rothe bites! The rothe bites again! You hit it. The rothe hits! The rothe misses! The rothe misses! You miss it. The rothe hits! The rothe bites! The rothe misses! You miss it. The rothe hits! The rothe bites! The rothe bites again! You hit it. The rothe hits! The rothe misses! The rothe bites! You miss it. You miss it. The rothe misses! The rothe misses! The rothe bites! You miss it. The rothe hits! The rothe misses! The rothe bites! Are you sure you want to pray? [yn] (n) y You begin praying to Thoth. The rothe misses! The rothe misses! The rothe bites! You die... Do you want your possessions identified? [ynq] (y) q Inventory: Coins ('$') $ - 5 gold pieces Weapons (')') h - an uncursed +0 dart o - a cursed -1 dagger i - a blessed +1 quarterstaff (weapon in hands) Armor ('[') E - an uncursed +0 dwarvish iron helm (being worn) a - an uncursed +0 helmet S - an uncursed +0 pair of leather gloves (being worn) F - an uncursed +5 pair of iron shoes (being worn) b - an uncursed +0 cloak of magic resistance (being worn) Comestibles ('%') f - an uncursed food ration B - 2 uncursed lizard corpses Rings ('=') d - an uncursed ring of fire resistance e - an uncursed ring of stealth (on left hand) Wands ('/') A - a blessed wand of fire (0:0) Y - an uncursed wand of magic missile (0:6) g - an uncursed wand of magic missile (0:5) c - an uncursed wand of slow monster (0:5) m - an uncursed wand of striking (0:4) Z - an uncursed wand of striking (0:4) Tools ('(') u - an empty uncursed sack n - an uncursed blindfold G - an uncursed magic marker (0:20) l - an uncursed oil lamp j - an uncursed +0 pick-axe V - a cursed skeleton key x - an uncursed stethoscope Fstd the Wizard's attributes: Background: You were a Thaumaturge, a level 8 male human Wizard. You were neutral, on a mission for Thoth who was opposed by Ptah (lawful) and Anhur (chaotic). You were right-handed. You were in the Dungeons of Doom, on level 3. You entered the dungeon 7071 turns ago. It was the midnight hour. You had 1777 experience points, 783 more were needed to attain level 9. Your score was 7433 before end-of-game adjustments. Basics: You had 0 out of 65 hit points. You had all 85 energy points (spell power). Your armor class was -1. Your wallet contained 5 zorkmids. Autopickup was on for '$"?!=+/(*' plus thrown, with exceptions. Final Characteristics: Your strength was 4 (peak:12, limit:18/100). Your dexterity was 13 (limit:18). Your constitution was 17 (limit:18). Your intelligence was 18 (limit:18). Your wisdom was 15 (limit:18). Your charisma was 10 (limit:18). Final Status: You were temporarily blind. You were chained to a heavy iron ball. You weren't hungry. You were unencumbered. You were wielding a quarterstaff. You had basic skill with quarterstaff and could have enhanced that. Final Attributes: You were piously aligned. You were magic-protected. You were telepathic. You were stealthy. You were warded. You were unlucky. Thoth was angry with you. You are dead. Miscellaneous: You disabled loading of bones levels. Total elapsed playing time was 3 hours, 49 minutes and 9 seconds. Major events: Turn 1: fstd the neutral male human Wizard entered the dungeon 457: attained the rank of Conjurer (level 3) 715: entered the Gnomish Mines 2017: attained the rank of Thaumaturge (level 6) 2257: reached Mine Town 7071: killed by a rothe, while praying Vanquished creatures: a watch captain 2 large mimics a quivering blob a leprechaun a gnome ruler an orc mummy a gold golem 2 lizards a dingo 2 jaguars a dwarf leader a gnome mummy 2 snakes an ape 3 Woodland-elves a water nymph a mountain nymph an orc shaman a rock piercer a pony a fog cloud a yellow light 2 shriekers 6 gnome leaders 2 gnomish wizards a kobold mummy a guardian naga hatchling a giant ant 2 floating eyes a kitten 11 dwarves 2 homunculi 10 hill orcs a rothe a rabid rat 2 giant bats 4 orc zombies a wererat a werejackal 2 iguanas 3 acid blobs a coyote 2 hobbits a large kobold a hobgoblin 9 giant rats a brown mold a yellow mold 2 green molds 4 red molds 25 gnomes 7 geckos 8 jackals 4 goblins 5 sewer rats 2 grid bugs 7 lichens 2 kobold zombies 5 newts 169 creatures vanquished. No species were genocided or became extinct. Voluntary challenges: You read items or engraved 8 times. You never engraved Elbereth. You never genocided any monsters. You never polymorphed an object. You never changed form. You used no wishes. Achievements: You attained the rank of Conjurer. You entered the Gnomish Mines. You entered a shop. You attained the rank of Thaumaturge. You entered Minetown. You entered a temple. The Dungeons of Doom: levels 1 to 5 Level 1: Level 2: A fountain. Level 3: <- You were here. A scroll shop. Stairs down to The Gnomish Mines. Final resting place for you, killed by a rothe, while praying. Level 4: "stash" Some fountains. Level 5: The Gnomish Mines: levels 4 to 7 Level 4: Level 5: Level 6: Level 7: A temple and an altar, some fountains. Game over: ---------- / \ / REST \ / IN \ / PEACE \ / \ | fstd | | 5 Au | | killed by a | | rothe | | | | | | 2024 | *| * * * | * _________)/\\_//(\/(/\)/\//\/|_)_______ Goodbye fstd the Wizard... You died in The Dungeons of Doom on dungeon level 3 with 7433 points, and 5 pieces of gold, after 7071 moves. You were level 8 with a maximum of 65 hit points when you died.